PUBAAA
MISSION BAY MOUNTAIN DUCKS @ HAMILTON HURRICANES
08/17/1972
 
TOP OF THE 1ST
Mission Bay Mountain Ducks batting - Pitching for Hamilton Hurricanes : LHP Woodie Fryman
Pitching: LHP Woodie Fryman
Batting: RHB Eric O'Neill 0-0: Fly out, F8 (Line Drive, 89M, EV 110.0 MPH)
Batting: LHB Jim Burke 0-0: Foul Ball, location: 2F
0-1: Ball
1-1: Ground out 3-1 (Groundball, 34, EV 80.0 MPH)
Batting: RHB Austin Davis 0-0: Ball
1-0: Foul Ball, location: 23FF
1-1: Ball
2-1: Swinging Strike
2-2: Ball
3-2: Strikes out swinging
Top of the 1st over - 0 runs, 0 hits, 0 errors, 0 left on base; Mission Bay 0 - Hamilton 0
BOTTOM OF THE 1ST
Hamilton Hurricanes batting - Pitching for Mission Bay Mountain Ducks : RHP Angelino Rodledo
Pitching: RHP Angelino Rodledo
Batting: SHB Arturo Vázquez 0-0: Foul Ball, location: 3DF
0-1: Ball
1-1: SINGLE (Flyball, 5D, EV 88.8 MPH) - OUT at second base trying to stretch hit.
Batting: LHB Al Oliver 0-0: Swinging Strike
0-1: Ball
1-1: Foul Ball, location: 25F
1-2: Foul Ball, location: 7LMF
1-2: Ball
2-2: Ball
3-2: Foul Ball, location: 2F
3-2: Ground out U3 (Groundball, 34, EV 108.8 MPH)
Batting: LHB Eric Miller 0-0: Foul Ball, location: 3F
0-1: Called Strike
0-2: Strikes out swinging
Bottom of the 1st over - 0 runs, 1 hit, 0 errors, 0 left on base; Mission Bay 0 - Hamilton 0
TOP OF THE 2ND
Mission Bay Mountain Ducks batting - Pitching for Hamilton Hurricanes : LHP Woodie Fryman
Batting: LHB Sean Gaines 0-0: Foul Ball, location: 7LDF
0-1: Ground out 6-3 (Groundball, 6M, EV 79.4 MPH)
Batting: RHB Jochen Blonke 0-0: Ball
1-0: Ball
2-0: Foul Ball, location: 3SF
2-1: Foul Ball, location: 2F
2-2: Ball
3-2: SINGLE (Groundball, P, EV 90.6 MPH) (infield hit)
Batting: RHB Denis Menke 0-0: Called Strike
0-1: Swinging Strike
0-2: Ball
1-2: SINGLE (Groundball, 4MD, EV 95.0 MPH)
Jochen Blonke to second
Runner from 2nd tries for 3rd, SAFE, throw by CF made to third
Denis Menke to second
Batting: RHB Daniel Bonner 0-0: Ball
1-0: Ball
2-0: Ball
3-0: Called Strike
3-1: Ground out 4-3 (Groundball, 4MD, EV 98.1 MPH)
Batting: RHB Mike Bishop 0-0: Ball
1-0: Foul Ball, location: 5F
1-1: Ground out 4-3 (Groundball, 4, EV 95.0 MPH)
Top of the 2nd over - 0 runs, 2 hits, 0 errors, 2 left on base; Mission Bay 0 - Hamilton 0
BOTTOM OF THE 2ND
Hamilton Hurricanes batting - Pitching for Mission Bay Mountain Ducks : RHP Angelino Rodledo
Batting: LHB Bo Meza 0-0: Ball
1-0: Ball
2-0: Ball
3-0: Base on Balls
Batting: RHB Paul Mitchell 0-0: SINGLE (Line Drive, 78S, EV 101.9 MPH)
Bo Meza to second
Batting: LHB Ed Hill 0-0: Bunted foul
0-1: Ball
1-1: Sac Bunt to 23 - play at first, batter OUT! 3-4
Bo Meza to third
Paul Mitchell to second
Batting: RHB Hogai Nii 0-0: Ball
1-0: Ground out 5-3 (Groundball, 56S, EV 83.1 MPH)
Bo Meza scores
Batting: RHB Enrico Vásquez 0-0: Ball
1-0: Ball
2-0: Ball
3-0: Base on Balls
Batting: LHB Iwane Maekawa 0-0: Called Strike
0-1: Called Strike
0-2: Ball
1-2: Foul Ball, location: 5DF
1-2: Fielders Choice at 2nd, 5-4 (Groundball, 56, EV 80.6 MPH)
Bottom of the 2nd over - 1 run, 1 hit, 0 errors, 2 left on base; Mission Bay 0 - Hamilton 1
TOP OF THE 3RD
Mission Bay Mountain Ducks batting - Pitching for Hamilton Hurricanes : LHP Woodie Fryman
Batting: RHB Frank Fernandez 0-0: Swinging Strike
0-1: Foul Ball, location: 2F
0-2: Foul Ball, location: 2F
0-2: Ball
1-2: Strikes out looking
Batting: RHB Eric O'Neill 0-0: Ball
1-0: Ground out 5-3 (Groundball, 56S, EV 90.0 MPH)
Batting: LHB Jim Burke 0-0: Called Strike
0-1: Ball
1-1: Called Strike
1-2: Fly out, F2 (Popup, 25F, EV 78.1 MPH)
Top of the 3rd over - 0 runs, 0 hits, 0 errors, 0 left on base; Mission Bay 0 - Hamilton 1
BOTTOM OF THE 3RD
Hamilton Hurricanes batting - Pitching for Mission Bay Mountain Ducks : RHP Angelino Rodledo
Batting: SHB Arturo Vázquez 0-0: Foul Ball, location: 7LMF
0-1: Ball
1-1: Foul Ball, location: 2RF
1-2: Ball
2-2: Ball
3-2: Ground out 5-3 (Groundball, 5L, EV 85.0 MPH)
Batting: LHB Al Oliver 0-0: Ball
1-0: Ball
2-0: SINGLE (Groundball, 4MD, EV 93.8 MPH)
Batting: LHB Eric Miller 0-0: Ball
1-0: Ball
2-0: Ball
3-0: Called Strike
3-1: Base on Balls
Al Oliver to second
Batting: LHB Bo Meza 0-0: Foul Ball, location: 5FF
0-1: Ball
1-1: Ball
2-1: Ball
3-1: SINGLE (Line Drive, 8RS, EV 102.5 MPH)
Al Oliver to third
Eric Miller to second
Runner from 3rd tries for Home, SAFE, throw by CF to home
Batting: RHB Paul Mitchell 0-0: Ball
1-0: Foul Ball, location: 9LSF
1-1: DOUBLE (Line Drive, 8LXD, EV 100.6 MPH)
Eric Miller scores
Bo Meza to third
Batting: LHB Ed Hill 0-0: Foul Ball, location: 2F
0-1: Ball
1-1: Ball
2-1: Fly out, F7 (Flyball, 78M, EV 90.0 MPH)
Runner from 3rd tags up, SCORES, throw by LF
Batting: RHB Hogai Nii 0-0: Called Strike
0-1: Called Strike
0-2: DOUBLE (Flyball, 8RXD, EV 112.5 MPH)
Paul Mitchell scores
Batting: RHB Enrico Vásquez 0-0: Ball
1-0: Ground out U3 (Groundball, 3, EV 97.5 MPH)
Bottom of the 3rd over - 4 runs, 4 hits, 0 errors, 1 left on base; Mission Bay 0 - Hamilton 5
TOP OF THE 4TH
Mission Bay Mountain Ducks batting - Pitching for Hamilton Hurricanes : LHP Woodie Fryman
Now in LF: Arturo Vázquez
Now in RF: George Noble
Batting: RHB Austin Davis 0-0: Swinging Strike
0-1: Ground out 4-3 (Groundball, 4, EV 83.1 MPH)
Batting: LHB Sean Gaines 0-0: Ball
1-0: Ball
2-0: Ball
3-0: Called Strike
3-1: Ground out U3 (Groundball, 3, EV 89.4 MPH)
Batting: RHB Jochen Blonke 0-0: Ball
1-0: Ball
2-0: Foul Ball, location: 9LMF
2-1: Swinging Strike
2-2: Ball
3-2: Foul Ball, location: 9LSF
3-2: Fly out, F7 (Flyball, 7, EV 79.4 MPH)
Top of the 4th over - 0 runs, 0 hits, 0 errors, 0 left on base; Mission Bay 0 - Hamilton 5
BOTTOM OF THE 4TH
Hamilton Hurricanes batting - Pitching for Mission Bay Mountain Ducks : RHP Angelino Rodledo
Batting: LHB Iwane Maekawa 0-0: Ball
1-0: Foul Ball, location: 2F
1-1: Ball
2-1: Ground out U3 (Groundball, 34S, EV 81.9 MPH)
Batting: SHB Arturo Vázquez 0-0: Ball
1-0: Called Strike
1-1: SINGLE (Line Drive, 6MD, EV 107.5 MPH)
Batting: RHB George Noble 0-0: Foul Ball, location: 2F
0-1: Swinging Strike
0-2: Foul Ball, location: 2F
0-2: Ball
1-2: Ball
2-2: Strikes out swinging
Batting: LHB Eric Miller 0-0: Ball
1-0: Swinging Strike
1-1: Called Strike
1-2: Foul Ball, location: 2F
1-2: Strikes out swinging
Bottom of the 4th over - 0 runs, 1 hit, 0 errors, 1 left on base; Mission Bay 0 - Hamilton 5
TOP OF THE 5TH
Mission Bay Mountain Ducks batting - Pitching for Hamilton Hurricanes : LHP Woodie Fryman
Batting: RHB Denis Menke 0-0: Called Strike
0-1: Ground out 6-3 (Groundball, 6, EV 80.0 MPH)
Batting: RHB Daniel Bonner 0-0: Ball
1-0: DOUBLE (Flyball, 8LXD, EV 98.8 MPH)
Batting: RHB Mike Bishop 0-0: Ground out 6-3 (Groundball, 6, EV 82.5 MPH)
Batting: RHB Frank Fernandez 0-0: Called Strike
0-1: Ball
1-1: Called Strike
1-2: Ball
2-2: Foul Ball, location: 2F
2-2: Foul Ball, location: 23FF
2-2: Foul Ball, location: 7LSF
2-2: Foul Ball, location: 2F
2-2: Ball
3-2: Fly out, F9 (Flyball, 89S, EV 92.5 MPH)
Top of the 5th over - 0 runs, 1 hit, 0 errors, 1 left on base; Mission Bay 0 - Hamilton 5
BOTTOM OF THE 5TH
Hamilton Hurricanes batting - Pitching for Mission Bay Mountain Ducks : RHP Angelino Rodledo
Batting: LHB Bo Meza 0-0: SOLO HOME RUN (Flyball, 7D, EV 95.6 MPH), Distance : 377 ft
Pitching: LHP Jerry Koosman
Batting: RHB Paul Mitchell 0-0: Called Strike
0-1: Foul Ball, location: 9LMF
0-2: Ball
1-2: Fly out, F9 (Flyball, 9LS, EV 98.1 MPH)
Batting: LHB Ed Hill 0-0: Swinging Strike
0-1: Called Strike
0-2: Foul Ball, location: 25FF
0-2: Ball
1-2: Fly out, F9 (Flyball, 9, EV 85.0 MPH)
Batting: RHB Hogai Nii 0-0: Ball
1-0: Swinging Strike
1-1: Swinging Strike
1-2: Ball
2-2: Ball
3-2: Base on Balls
Batting: RHB Enrico Vásquez 0-0: Called Strike
0-1: TRIPLE (Flyball, 78XD, EV 99.4 MPH)
Hogai Nii scores
Batting: LHB Iwane Maekawa 0-0: Ball
1-0: Ball
2-0: SINGLE (Line Drive, 89S, EV 95.6 MPH)
Enrico Vásquez scores
Batting: SHB Arturo Vázquez 0-0: Fly out, F8 (Flyball, 8LD, EV 88.1 MPH)
Bottom of the 5th over - 3 runs, 3 hits, 0 errors, 1 left on base; Mission Bay 0 - Hamilton 8
TOP OF THE 6TH
Mission Bay Mountain Ducks batting - Pitching for Hamilton Hurricanes : LHP Woodie Fryman
Batting: RHB Eric O'Neill 0-0: Ball
1-0: Ball
2-0: SOLO HOME RUN (Flyball, 7D, EV 98.1 MPH), Distance : 376 ft
Batting: LHB Jim Burke 0-0: Foul Ball, location: 25FF
0-1: Foul Ball, location: 7LMF
0-2: Strikes out swinging
Batting: RHB Austin Davis 0-0: Fly out, F3 (Popup, 3SF, EV 73.8 MPH)
Batting: LHB Sean Gaines 0-0: Called Strike
0-1: Fly out, F6 (Popup, 6, EV 63.1 MPH)
Top of the 6th over - 1 run, 1 hit, 0 errors, 0 left on base; Mission Bay 1 - Hamilton 8
BOTTOM OF THE 6TH
Hamilton Hurricanes batting - Pitching for Mission Bay Mountain Ducks : LHP Jerry Koosman
Batting: RHB George Noble 0-0: Ball
1-0: Fly out, F4 (Line Drive, 4MD, EV 65.0 MPH)
Batting: LHB Eric Miller 0-0: Called Strike
0-1: Foul Ball, location: 2F
0-2: Ball
1-2: Strikes out looking
Batting: LHB Bo Meza 0-0: Called Strike
0-1: Foul Ball, location: 23FF
0-2: Ball
1-2: Ball
2-2: SINGLE (Groundball, 15S, EV 65.6 MPH) (infield hit)
Batting: RHB Paul Mitchell 0-0: Ball
1-0: Fielders Choice at 2nd, 6-4 (Groundball, 6, EV 101.3 MPH)
Bottom of the 6th over - 0 runs, 1 hit, 0 errors, 1 left on base; Mission Bay 1 - Hamilton 8
TOP OF THE 7TH
Mission Bay Mountain Ducks batting - Pitching for Hamilton Hurricanes : LHP Woodie Fryman
Batting: RHB Jochen Blonke 0-0: Ball
1-0: Ball
2-0: Ball
3-0: Called Strike
3-1: Foul Ball, location: 2LF
3-2: Ground out 1-3 (Groundball, 15S, EV 61.9 MPH)
Batting: RHB Denis Menke 0-0: Ground out 4-3 (Groundball, 4, EV 103.1 MPH)
Batting: RHB Daniel Bonner 0-0: Ground out 1-3 (Groundball, 13S, EV 75.0 MPH)
Top of the 7th over - 0 runs, 0 hits, 0 errors, 0 left on base; Mission Bay 1 - Hamilton 8
BOTTOM OF THE 7TH
Hamilton Hurricanes batting - Pitching for Mission Bay Mountain Ducks : LHP Jerry Koosman
Batting: LHB Ed Hill 0-0: SINGLE (Groundball, 4MD, EV 99.4 MPH)
Batting: RHB Hogai Nii 0-0: Ball
1-0: Ball
2-0: Ball
3-0: Called Strike
3-1: Base on Balls
Ed Hill to second
Batting: RHB Enrico Vásquez 0-0: Called Strike
0-1: Called Strike
0-2: Fly out, F8 (Flyball, 8RD, EV 91.9 MPH)
Runner from 2nd tags up, OUT at 3rd! 8-5
Pinch Hitting: RHB Nick Brooks 0-0: Ball
1-0: Swinging Strike
1-1: Ball
2-1: Foul Ball, location: 2RF
2-2: Ball
3-2: Base on Balls
Hogai Nii to second
Batting: SHB Arturo Vázquez 0-0: Ball
1-0: Ball
2-0: Ground out 4-3 (Groundball, 4, EV 85.6 MPH)
Bottom of the 7th over - 0 runs, 1 hit, 0 errors, 2 left on base; Mission Bay 1 - Hamilton 8
TOP OF THE 8TH
Mission Bay Mountain Ducks batting - Pitching for Hamilton Hurricanes : LHP Woodie Fryman
Now at 2B: Nick Brooks
Batting: RHB Mike Bishop 0-0: Ball
1-0: Called Strike
1-1: SINGLE (Line Drive, 6MD, EV 107.5 MPH)
Batting: RHB Frank Fernandez 0-0: Called Strike
0-1: Foul Ball, location: 2F
0-2: Ball
1-2: Ball
2-2: Foul Ball, location: 7LSFF
2-2: Grounds into double play, 5-4-3 (Groundball, 5, EV 86.3 MPH)
Batting: RHB Eric O'Neill 0-0: Ball
1-0: Ground out 4-3 (Groundball, 4, EV 78.8 MPH)
Top of the 8th over - 0 runs, 1 hit, 0 errors, 0 left on base; Mission Bay 1 - Hamilton 8
BOTTOM OF THE 8TH
Hamilton Hurricanes batting - Pitching for Mission Bay Mountain Ducks : LHP Jerry Koosman
Batting: RHB George Noble 0-0: Ball
1-0: Ball
2-0: Ball
3-0: Called Strike
3-1: Called Strike
3-2: Base on Balls
Batting: LHB Eric Miller 0-0: Called Strike
0-1: Called Strike
0-2: Ball
1-2: Ball
2-2: Foul Ball, location: 2F
2-2: Ball
3-2: Foul Ball, location: 25FF
3-2: Foul Ball, location: 7LDF
3-2: Base on Balls
George Noble to second
Pitching: RHP Steve Renko
Batting: LHB Bo Meza 0-0: Foul Ball, location: 9LDF
0-1: SINGLE (Line Drive, 56D, EV 96.3 MPH)
George Noble to third
Eric Miller to second
Batting: RHB Paul Mitchell 0-0: Ball
1-0: Ball
2-0: Ball
3-0: Called Strike
3-1: Fly out, F8 (Flyball, 8RD, EV 88.1 MPH)
Batting: LHB Ed Hill 0-0: Fly out, F9 (Flyball, 9, EV 98.1 MPH)
Runner from 3rd tags up, SCORES, throw by RF
Batting: RHB Hogai Nii 0-0: Ball
1-0: Fly out, F9 (Line Drive, 9, EV 94.4 MPH)
Bottom of the 8th over - 1 run, 1 hit, 0 errors, 2 left on base; Mission Bay 1 - Hamilton 9
TOP OF THE 9TH
Mission Bay Mountain Ducks batting - Pitching for Hamilton Hurricanes : LHP Woodie Fryman
Batting: LHB Jim Burke 0-0: Called Strike
0-1: Foul Ball, location: 2F
0-2: Ball
1-2: Foul Ball, location: 9LMF
1-2: Fly out, F9 (Line Drive, 9, EV 92.5 MPH)
Batting: RHB Austin Davis 0-0: Foul Ball, location: 2F
0-1: Called Strike
0-2: Fly out, F8 (Flyball, 8RD, EV 103.1 MPH)
Batting: LHB Sean Gaines 0-0: Ground out U3 (Groundball, 3S, EV 83.8 MPH)
Top of the 9th over - 0 runs, 0 hits, 0 errors, 0 left on base; Mission Bay 1 - Hamilton 9
Wednesday, April 24th , 2024 - OOTP Baseball 24.8 Build 75